 Dungeon Crawl Stone Soup version 0.31-a0-819-gf6de2f5ab6 (webtiles) character file.

Game seed: 5333317201392581219

4499 Shayle the Grappler (level 10, -8/88 (93) HPs)
             Began as an Ogre Hexslinger on Sept 24, 2023.
             Was a Follower of Makhleb.
             Mangled by a troll (11 damage)
             ... on level 8 of the Dungeon.
             The game lasted 00:21:01 (7458 turns).

Shayle the Grappler (Ogre Hexslinger)               Turns: 7458, Time: 00:21:01

HP:   -8/88 (93)    AC:  4    Str: 13    XL:     10   Next: 38%
MP:   19/19         EV: 10    Int: 22    God:    Makhleb [*.....]
Gold: 407           SH:  5    Dex: 16    Spells: 22/22 levels left

rFire   . .          .
                       - Unarmed
rCold   . . .        (no shield)
rNeg    . . .        c - +0 robe
rPois   +            (helmet restricted)
rElec   .            r - +0 cloak
rCorr   +            (gloves unavailable)
SInv    .            (boots unavailable)
Will    +....        u - amulet of reflection
Stlth   +            m - +6 ring of dexterity
HPRegen 1.14/turn    y - ring of resist corrosion
MPRegen 0.16/turn

%: reflection
@: drained
A: large, unfitting armour, tough skin 1, clever 1, frail 1, poison resistance,
regeneration 1
a: Renounce Religion


You were on level 8 of the Dungeon.
You worshipped Makhleb.
Makhleb was aware of your devotion.
You visited 2 branches of the dungeon, and saw 11 of its levels.

You collected 442 gold pieces.
You spent 35 gold pieces at shops.

Inventory:

Hand Weapons
 a - a +1 sling
 h - a +1 whip of venom
 z - a +1 whip of flaming
 G - a +3 dire flail of protection
 H - a +1 war axe of venom
 I - a +4 vampiric trident
Missiles
 D - 7 curare-tipped darts (quivered)
Armour
 c - a +0 robe (worn)
 n - a +0 tower shield
 r - a +0 cloak (worn)
Jewellery
 j - a +6 ring of strength
 m - a +6 ring of dexterity (left hand)
 t - an amulet of magic regeneration
 u - an amulet of reflection (around neck)
 y - a ring of resist corrosion (right hand)
Wands
 v - a wand of flame (13)
Scrolls
 b - 2 scrolls of poison
 e - 2 scrolls of blinking
 f - 2 scrolls of teleportation
 i - a scroll of brand weapon
 l - a scroll of immolation
 o - 5 scrolls of enchant weapon
 p - 2 scrolls of fog
Potions
 d - a potion of haste
 k - a potion of degeneration
 q - 3 potions of magic
 s - 5 potions of lignification
 x - a potion of ambrosia
 B - a potion of resistance {unknown}
 E - a potion of brilliance
 F - a potion of berserk rage
 J - a potion of invisibility {unknown}


   Skills:
 + Level 7.9 Fighting
 - Level 1.3 Ranged Weapons
 - Level 1.7 Dodging
 - Level 9.3 Unarmed Combat
 + Level 6.6 Spellcasting
 - Level 2.6 Hexes
 - Level 0.8 Fire Magic
 * Level 7.2 Invocations


You had 22 spell levels left.
You didn't know any spells.
Your spell library contained the following spells:

 Spells                   Type           Power      Damage    Failure   Level
 Jinxbite                 Hex            38%        N/A       4%          2
 Sigil of Binding         Hex            19%        N/A       9%          3
 Inner Flame              Hex/Fire       15%        N/A       12%         3
 Sublimation of Blood     Necr           7%         N/A       13%         2
 Wereblood                Tmut           7%         N/A       13%         2
 Dazzling Flash           Conj/Hex       26%        N/A       16%         3
 Volatile Blastmotes      Fire/Tloc      18%        2d11      22%         3
 Gell's Gravitas          Tloc           7%         N/A       26%         3
 Teleport Other           Tloc           7%         N/A       26%         3
 Cause Fear               Hex            9%         N/A       28%         4
 Dimensional Bullseye     Hex/Tloc       6%         N/A       45%         4
 Dispersal                Tloc           3%         N/A       100%        6
 Starburst                Conj/Fire      4%         6d4       100%        6
 Summon Hydra             Summ           3%         N/A       100%        7
 Maxwell's Capacitive Co  Air            3%         ∞         100%        8


Dungeon Overview and Level Annotations

Branches:
Dungeon (10/15)            Temple (1/1) D:7            Lair (0/5) D:9
    Orc (0/2) D:9

Altars:
Ashenzari
Cheibriados
Dithmenos
Elyvilon
Fedhas
Gozag
Hepliaklqana
Kikubaaqudgha
Makhleb
Nemelex Xobeh
Okawaru
Ru
Trog
Uskayaw
Vehumet
Wu Jian
Xom
Yredelemnul
Zin
The Shining One

Shops:
D:7 [*   D:8 [

Annotations:
D:6 3 runed translucent doors, Crazy Yiuf; Thatboi's ghost, novice HuCA


Innate Abilities, Weirdness & Mutations

You are too large for most types of armour.
You have tough skin. (AC +1)
Your mind is acute. (Int +4, Str/Dex -1)
You are frail. (-10% HP)
Your system is resistant to poisons. (rPois)
Your natural rate of healing is unusually fast.


Message History

A troll comes into view.
The troll shouts!
The gnoll shouts!
You hear a shout! x3
A gnoll comes into view. It is wielding a +0 flail.
Found a stone staircase leading down.
The gnoll hits you with a +0 whip.
The gnoll shouts!
You hit the gnoll but do no damage. You block the troll's attack.
The troll claws you. The troll closely misses you.
The gnoll hits you with a +0 whip.
A gnoll sergeant comes into view. It is wielding a +0 trident of flaming.
The troll closely misses you. The troll claws you but does no damage.
You block the troll's attack.
The gnoll sergeant shouts!
The troll bites you! The troll barely misses you. The troll claws you!
The troll attacks as it pursues you! The troll bites you!
The troll barely misses you. x2
The troll attacks as it pursues you! The troll bites you! The troll claws you.
The troll misses you. The troll attacks as it pursues you!
The troll bites you but does no damage. The troll completely misses you.
The troll claws you! The troll attacks as it pursues you! The troll bites you!
* * * LOW HITPOINT WARNING * * *
The troll misses you. The troll claws you.
* * * LOW HITPOINT WARNING * * *
There is an escape hatch in the ceiling here.
The troll bites you.
* * * LOW HITPOINT WARNING * * *
The troll claws you!
* * * LOW HITPOINT WARNING * * *
The troll claws you!
* * * LOW HITPOINT WARNING * * *
A mysterious force pulls you upwards. The hatch slams shut behind you.
The centaur shouts!
The centaur shoots an arrow.
You block the arrow with an invisible shield... and reflect it back!
The arrow barely misses the centaur.
You feel better.
The centaur shoots an arrow.
The arrow closely misses you.
The centaur shoots an arrow.
The arrow hits you!
* * * LOW HITPOINT WARNING * * *
The troll bites you!
You die...

#.......#......#
...............#
........#.....<#
#..............#
.............<.#
...............#
##........c..#
#.o.##.#......#
#.#.##.#@.....#
#.#..#.T....#
#.#.#########
##...# ####..###
#.....# #..#.#.#
.#. #.#.# . ...
..#)#


You could see a troll and a centaur.

Vanquished Creatures
  Pikel (D:5)
  Jeremiah (D:7)
  A troll (D:9)
  Prince Ribbit (D:7)
  A wyvern (D:7)
  Menkaure (D:7)
  Edmund (D:6)
  3 water moccasins
  Duvessa (D:7)
  A sky beast (D:6)
  An orc warrior (D:9)
  An ice beast (D:7)
  A centaur (D:7)
  2 ogres
  2 lemures
  A phantom (D:6)
  4 bullfrogs
  2 kobold brigands
  2 scorpions
  4 wights
  Dowan (D:7)
  2 killer bees (D:9)
  A howler monkey (D:8)
  A crimson imp (D:6)
  2 gnoll boudas
  4 jellies
  4 hounds
  5 orc priests
  2 iguanas (D:5)
  Jessica (D:2)
  A sleepcap (D:5)
  6 orc wizards
  Robin (D:2)
  8 gnolls
  4 adders
  A shadow imp (D:6)
  3 white imps
  4 worms
  29 orcs
  5 ball pythons
  6 bats
  12 endoplasms
  2 giant cockroaches
  10 goblins
  14 hobgoblins
  2 jackals (D:5)
  7 quokkas
  4 frilled lizards
  17 kobolds
  3 rats
194 creatures vanquished.

Vanquished Creatures (collateral kills)
  An orc priest (D:8)
  An orc (D:8)
2 creatures vanquished.

Vanquished Creatures (others)
  4 killer bees (D:9)
4 creatures vanquished.

Grand Total: 200 creatures vanquished

Notes
Turn   | Place    | Note
-------+----------+-------------------------------------------
     0 | D:1      | Shayle the Ogre Hexslinger began the quest for the Orb.
     0 | D:1      | Reached XP level 1. HP: 19/19 MP: 2/2
    73 | D:1      | Reached skill level 1 in Unarmed Combat
   158 | D:1      | Reached XP level 2. HP: 27/27 MP: 3/3
   445 | D:1      | Reached skill level 2 in Unarmed Combat
   622 | D:2      | Found a faded altar of an unknown god.
   652 | D:2      | Reached XP level 3. HP: 33/33 MP: 4/4
   802 | D:2      | Noticed Jessica
   811 | D:2      | Killed Jessica
   812 | D:2      | Reached skill level 3 in Unarmed Combat
   812 | D:2      | Reached XP level 4. HP: 28/41 MP: 5/5
  1795 | D:3      | Noticed Robin
  1872 | D:2      | Killed Robin
  1873 | D:2      | Reached skill level 4 in Unarmed Combat
  1873 | D:2      | Reached XP level 5. HP: 21/48 MP: 6/6
  2028 | D:3      | You fall into a shaft and drop 3 floors!
  2046 | D:5      | Entered Level 5 of the Dungeon
  2059 | D:5      | Gained mutation: You are frail. (-10% HP) [potion of
                  | mutation]
  2059 | D:5      | Gained mutation: Your natural rate of healing is unusually
                  | fast. [potion of mutation]
  2059 | D:5      | Gained mutation: Your system is resistant to poisons.
                  | (rPois) [potion of mutation]
  2059 | D:5      | Gained mutation: Your mind is acute. (Int +4, Str/Dex -1)
                  | [potion of mutation]
  2347 | D:3      | Reached skill level 5 in Unarmed Combat
  2390 | D:3      | Reached XP level 6. HP: 33/49 MP: 7/7
  3276 | D:4      | Found a basalt altar of Yredelemnul.
  3278 | D:4      | Found a broken altar of Ashenzari.
  3508 | D:5      | Identified the +0 scale mail of Precision Catastrophes
                  | {+Blink Slay+3}
  3530 | D:5      | Reached skill level 6 in Unarmed Combat
  3608 | D:5      | Reached XP level 7. HP: 55/55 MP: 8/8
  3693 | D:5      | Found a bloodstained altar of Trog.
  3732 | D:5      | Reached skill level 7 in Unarmed Combat
  3821 | D:5      | Found a blossoming altar of Fedhas.
  4415 | D:5      | Reached XP level 8. HP: 58/63 MP: 9/9
  4429 | D:5      | Reached skill level 8 in Unarmed Combat
  4480 | D:5      | Noticed Pikel
  4494 | D:5      | Killed Pikel
  4495 | D:5      | Reached skill level 9 in Unarmed Combat
  5033 | D:6      | Found a runed translucent door.
  5034 | D:6      | Noticed Thatboi's ghost (novice HuCA)
  5039 | D:6      | Noticed Edmund
  5055 | D:6      | Killed Edmund
  5061 | D:6      | Reached XP level 9. HP: 31/75 MP: 11/14
  5200 | D:6      | Found a burning altar of Makhleb.
  5201 | D:6      | Found a shimmering altar of Xom.
  5223 | D:6      | Became a worshipper of Makhleb the Destroyer
  5241 | D:6      | Found a runed translucent door.
  5291 | D:6      | Found a runed translucent door.
  5292 | D:6      | Noticed Crazy Yiuf
  5488 | D:7      | Reached skill level 1 in Invocations
  5514 | D:7      | Reached skill level 5 in Fighting
  5570 | D:7      | Noticed Jeremiah
  5591 | D:7      | Found a white marble altar of Elyvilon.
  5828 | D:7      | Noticed Prince Ribbit
  5859 | D:7      | Killed Prince Ribbit
  5860 | D:7      | Reached skill level 5 in Spellcasting
  6018 | D:7      | Found Puwov's Antique Armour Emporium.
  6018 | D:7      | Noticed Menkaure
  6025 | D:7      | Killed Menkaure
  6064 | D:7      | Noticed Dowan
  6065 | D:7      | Noticed Duvessa
  6094 | D:7      | Killed Duvessa
  6103 | D:7      | Killed Dowan
  6201 | D:7      | Found a staircase to the Ecumenical Temple.
  6209 | Temple   | Entered the Ecumenical Temple
  6246 | D:7      | Reached skill level 5 in Invocations
  6247 | D:7      | Reached * piety under Makhleb
  6388 | D:7      | Found Joraeran's CLEARANCE SALE!.
  6396 | D:7      | Bought a potion of lignification for 15 gold pieces
  6396 | D:7      | Bought a scroll of identify for 10 gold pieces
  6396 | D:7      | Bought a scroll of identify for 10 gold pieces
  6583 | D:7      | Killed Jeremiah
  6584 | D:7      | Reached XP level 10. HP: 84/91 MP: 17/19
  6945 | D:8      | Found Zokiyxt's Armour Shoppe.
  7179 | D:9      | Found a staircase to the Orcish Mines.
  7202 | D:10     | Entered Level 10 of the Dungeon
  7458 | D:8      | HP: 3/88 [centaur/arrow (11)]
  7458 | D:8      | Mangled by a troll

Illustrated notes

Levels and vault maps discovered:
D:1:      lemuel_arrival_broad_hall, layout_basic
D:2:      layout_basic, ebering_ecumenical_altar_box, uniq_jessica
D:3:      minmay_door_path, layout_basic, minmay_misc_feat_rugged, uniq_robin
D:4:      layout_basic, minitemple
D:5:      layout_rooms, mainiacjoe_overflow_concentric_impassable,
          mainiacjoe_overflow_chevrons, chequers_arboretum,
          kennysheep_generic_room_4, uniq_pikel
D:6:      layout_loops_ring, grunt_temple_overflow_champion_of_chaos,
          ebering_ghost_sewer_f, hangedman_abyss_or_decor_passed, uniq_edmund,
          uniq_crazy_yiuf_cottage
D:7:      layout_basic, elyvilon_altar_3, minmay_temple_entry_wispy,
          serial_shops, shop, nicolae_shop_clearance, uniq_jeremiah,
          uniq_prince_ribbit1, uniq_duvessa, uniq_menkaure
D:8:      layout_rooms, serial_shops, nicolae_shop_gibbet_a_chance
D:9:      layout_basic, lair_entry_dummy, minmay_orc_entry_temple_small,
          nrook_pool_corridor
D:10:     layout_rooms, mainiacjoe_overflow_tiny_flanked,
          lemuel_coloured_pillars_altar, uniq_gastronok
Temple:   nicolae_temple_god_jail

Skill      XL: |  1  2  3  4  5  6  7  8  9 10 |
---------------+-------------------------------+-----
Unarmed Combat | 1 2 3 4 5 6 7 9 |  9.3
Fighting       | 4 7 |  7.9
Spellcasting   | 3 6 |  6.6
Invocations    | 6 7 |  7.2
Ranged Weapons | |  1.3
Dodging        | |  1.7
Hexes          | |  2.6
Fire Magic     | |  0.8

Action                     |  1- 3 |  4- 6 |  7- 9 | 10-12 || total
---------------------------+-------+-------+-------+-------++-------
  Melee: Whip              |    45 |   275 |   154 |       ||   474
         Punch             |     1 |     6 |    26 |     9 ||    42
         Unarmed           |       |       |   181 |   105 ||   286
   Fire: Sling             |    37 |       |       |       ||    37
  Throw: Dart              |       |       |    24 |       ||    24
  Evoke: Wand              |       |       |     4 |    10 ||    14
    Use: Potion            |       |     6 |       |     1 ||     7
         Scroll            |       |       |     4 |    12 ||    16
   Stab: Sleeping          |       |     4 |     2 |       ||     6
 Armour: Robe              |    56 |   193 |   198 |   111 ||   558
         Skin              |       |    24 |     7 |       ||    31
  Dodge: Dodged            |    55 |   141 |   114 |    59 ||   369
  Block: Other             |       |    20 |    53 |    27 ||   100
         Reflection        |       |       |     3 |     3 ||     6

Table legend: (Time is in decaauts)
 A = Elapsed time spent in this place.
 B = Non-inter-level travel time spent in this place.
 C = Inter-level travel time spent in this place.
 D = Time resting spent in this place.
 E = Time spent auto-exploring this place.
 F = Levels seen in this place.
 G = Mean time per level.
                   A        B        C        D        E       F      G
               +--------+--------+--------+--------+--------+-----+--------+
         Total |   7451 |   7167 |    284 |    806 |   3833 |  11 |  677.4 |
       Dungeon |   7447 |   7163 |    284 |    806 |   3833 |  10 |  744.7 |
        Temple |      4 |      4 |      0 |      0 |      0 |   1 |    4.0 |
               +--------+--------+--------+--------+--------+-----+--------+

Top non-repeatable levels by time:
     D:7: 1292 daAuts
     D:4: 1066 daAuts
     D:2: 1056 daAuts
     D:3: 975 daAuts
     D:5: 942 daAuts
     D:6: 845 daAuts
     D:1: 620 daAuts
     D:9: 385 daAuts
     D:8: 261 daAuts
  Temple: 4 daAuts
    D:10: 1 daAuts
